 Dungeon Crawl Stone Soup version 0.27.1-34-g3ba077fa99 (webtiles) character file.

Game seed: 15422755599824062612

952 hawla the Conjurer (level 7, -1/58 HPs)
             Began as a Pale Draconian Conjurer on Jan 24, 2022.
             Was an Initiate of Vehumet.
             Slain by an ogre (17 damage)
             ... on level 5 of the Dungeon on Jan 25, 2022.
             The game lasted 00:14:59 (5965 turns).

hawla the Conjurer (Pale Draconian Conjurer)        Turns: 5965, Time: 00:15:00

Health: -1/58      AC:  6    Str:  9    XL:     7   Next: 90%
Magic:  1/13       EV: 12    Int: 21    God:    Vehumet [......]
Gold:   132        SH:  0    Dex:  9    Spells: 4/14 levels left

rFire    . . .     SeeInvis .   i - +1 quarterstaff
rCold    . . .     Faith    .   (shield currently unavailable)
rNeg     . . .     Spirit   .   (armour unavailable)
rPois    .         Reflect  .   (helmet restricted)
rElec    .         Harm     .   (no cloak)
rCorr    .         Rampage  .   (no gloves)
Will     .....                  (no boots)
Stlth    ++........             k - amulet of regeneration
HPRegen  1.19/turn              (no ring)
MPRegen  0.13/turn              (no ring)

@: very slightly contaminated
A: breathe steam, AC +6, unfitting armour, cold-blooded, steam resistance
a: Breathe Steam, Renounce Religion


You were on level 5 of the Dungeon.
You worshipped Vehumet.
Vehumet was noncommittal.
You visited 2 branches of the dungeon, and saw 6 of its levels.

You collected 132 gold pieces.

Inventory:

Hand Weapons
 d - a +2 dagger of draining
 g - a +2 dagger of speed
 i - a +1 quarterstaff (weapon)
Missiles
 n - 12 poisoned darts
Magical Staves
 a - a staff of death
Jewellery
 c - a ring of ice
 k - an amulet of regeneration (around neck)
Wands
 f - a wand of mindburst (5)
Scrolls
 b - a scroll of amnesia
 e - 3 scrolls of enchant armour
 j - 3 scrolls of identify
 l - a scroll of holy word {unknown}
 m - a scroll of acquirement {unknown}
 p - a scroll of immolation {unknown}
 r - 5 scrolls of noise {unknown}
 s - 2 scrolls of magic mapping {unknown}
Potions
 h - a potion of mutation {unknown}
 o - 2 potions of brilliance {unknown}
 q - a potion of curing {unknown}


   Skills:
 + Level 3.9 Fighting
 + Level 3.8 Staves
 - Level 1.7 Dodging
 - Level 1.7 Stealth
 - Level 4.0 Spellcasting
 - Level 4.0 Conjurations
 - Level 2.0 Necromancy
 - Level 4.0 Translocations
 + Level 2.5 Fire Magic
 - Level 2.1 Evocations


You had 4 spell levels left.
You knew the following spells:

 Your Spells              Type           Power      Damage    Failure   Level
a - Magic Dart            Conj           84%        1d7       2%          1
b - Searing Ray           Conj           42%        3d4       3%          2
c - Iskenderun's Mystic   Conj/Tloc      21%        2d6       22%         4
d - Conjure Flame         Conj/Fire      17%        6-21      10%         3

Your spell library contained the following spells:

 Spells                   Type           Power      Damage    Failure   Level
 Foxfire                  Conj/Fire      68%        2x1d7     3%          1
 Dazzling Flash           Conj/Hex       24%        N/A       16%         3
 Inner Flame              Hex/Fire       9%         N/A       22%         3
 Fulminant Prism          Conj/Hex       6%         3d7       45%         4


Dungeon Overview and Level Annotations

Branches:
Dungeon (5/15)             Temple (1/1) D:4

Altars:
Ashenzari
Cheibriados
Fedhas
Hepliaklqana
Makhleb
Ru
Sif Muna
Trog
Vehumet
Wu Jian
Xom
Yredelemnul
Zin
The Shining One

Shops:
D:3 [


Innate Abilities, Weirdness & Mutations

You can breathe blasts of scalding, opaque steam.
Your pale cyan-grey scales are hard. (AC +6)
You cannot fit into any form of body armour.
You are cold-blooded and may be slowed by cold attacks.
You are immune to the effects of steam.


Message History

No target in view!
Found a stone staircase leading down.
An ogre is nearby!
An ogre is nearby!
An ogre is nearby!
An ogre is nearby!
The ogre closely misses you.
Casting: Searing Ray (safe; 3% risk of failure)
Confirm with . or Enter, or press ? or * to list all spells.
The spell is quite dangerous to cast (22% risk of failure)!
Continue anyway?
You erupt in a blast of force!
The mystic blast hits the ogre.
The ogre is lightly wounded.
The ogre is knocked back by the mystic blast.
Casting: Iskenderun's Mystic Blast (quite dangerous; 22% risk of failure)
Confirm with . or Enter, or press ? or * to list all spells.
Aiming: Searing Ray (safe; 3% risk of failure)
Press: ? - help, Shift-Dir - straight line, f - ogre
Aim: an ogre, wielding a +0 giant club (lightly wounded, 89% to hit)
The searing ray hits the ogre.
The ogre is moderately wounded. (Press . to maintain the ray.)
The searing ray hits the ogre.
The ogre is heavily wounded.
The ogre closely misses you.
The searing ray hits the ogre.
The ogre is severely wounded.
The ogre hits you with a +0 giant club!!
The searing ray hits the ogre.
The ogre is severely wounded.
You finish channeling your searing ray.
The ogre hits you with a +0 giant club!!
* * * LOW HITPOINT WARNING * * *
Casting: Searing Ray (safe; 3% risk of failure)
Confirm with . or Enter, or press ? or * to list all spells.
The spell is quite dangerous to cast (22% risk of failure)!
Continue anyway?
You miscast Iskenderun's Mystic Blast.
You are very lightly contaminated with residual magic.
Nothing appears to happen.
The ogre hits you with a +0 giant club!
You die...

##.....# #.# .# ..
#....### ##.#####.###.#
#.#.## #..#.........#
....# #.##.......># ..###
##.##...[....# .##
#..##........# .###
#.###........###
...#######.##....O.......
..............##@########
........##.<..#..#
.PP........##....#
♣♣♣...###..####..#
♣...### #... ...# ....#
..## ....# ....# .#.
....# .....##.#. .....#
....... .l .##..#


You could see an ogre.

Vanquished Creatures
  A water moccasin (D:5)
  An ice beast (D:5)
  A scorpion (D:5)
  A bullfrog zombie (D:5)
  A jelly (D:2)
  A hound (D:4)
  An orc priest (D:3)
  7 iguanas
  A bullfrog skeleton (D:4)
  Ijyb (D:3)
  3 orc wizards
  Natasha (twice) (D:2)
  A hound skeleton (D:4)
  Robin (D:2)
  4 gnolls (D:2)
  7 adders
  An adder skeleton (D:4)
  A dart slug (D:3)
  10 orcs
  A bat (D:1)
  4 endoplasms
  2 giant cockroaches
  20 goblins
  5 hobgoblins
  5 jackals (D:1)
  A quokka (D:4)
  2 ball pythons
  5 kobolds
  A rat (D:1)
  A butterfly (D:4)
93 creatures vanquished.

Vanquished Creatures (others)
  A phantom (D:5)
  39 plants (D:2)
40 creatures vanquished.

Grand Total: 133 creatures vanquished

Notes
Turn   | Place    | Note
-------+----------+-------------------------------------------
     0 | D:1      | hawla the Draconian Conjurer began the quest for the Orb.
     0 | D:1      | Reached XP level 1. HP: 14/14 MP: 3/3
   193 | D:1      | Reached skill level 1 in Translocations
   330 | D:1      | Reached XP level 2. HP: 20/20 MP: 1/5
   476 | D:1      | Learned a level 2 spell: Searing Ray
  1235 | D:2      | Noticed Natasha
  1239 | D:2      | Killed Natasha
  1240 | D:2      | Reached XP level 3. HP: 26/26 MP: 1/7
  1348 | D:2      | Reached XP level 4. HP: 23/33 MP: 8/8
  1353 | D:2      | Learned a level 4 spell: Iskenderun's Mystic Blast
  1729 | D:2      | Noticed Robin
  1730 | D:2      | Noticed a golden eye
  1989 | D:2      | Found a faded altar of an unknown god.
  2005 | D:2      | Noticed a shining eye
  2009 | D:2      | Noticed a golden eye
  2041 | D:2      | Killed Robin
  2042 | D:2      | Reached XP level 5. HP: 9/38 MP: 1/10
  2322 | D:2      | Noticed a golden eye
  2458 | D:2      | Noticed Natasha
  2467 | D:2      | Killed Natasha
  3146 | D:3      | Found Egiz's Armour Boutique.
  3290 | D:3      | Noticed Ijyb
  3295 | D:3      | Killed Ijyb
  3296 | D:3      | Reached skill level 1 in Necromancy
  3296 | D:3      | Reached skill level 1 in Evocations
  3320 | D:3      | Reached XP level 6. HP: 20/45 MP: 1/12
  3908 | D:3      | Found a faded altar of an unknown god.
  3925 | D:3      | Found a hazy altar of Hepliaklqana.
  4062 | D:4      | Reached skill level 1 in Fighting
  4062 | D:4      | Reached skill level 1 in Staves
  4627 | D:4      | Found a staircase to the Ecumenical Temple.
  4654 | Temple   | Entered the Ecumenical Temple
  4901 | Temple   | Became a worshipper of Vehumet
  4992 | D:4      | Your scales start taking on a pale cyan-grey colour.
  4992 | D:4      | Reached XP level 7. HP: 55/55 MP: 2/13
  4992 | D:4      | Gained mutation: You are immune to the effects of steam.
                  | [Pale Draconian growth]
  5345 | D:5      | Entered Level 5 of the Dungeon
  5538 | D:5      | Reached skill level 1 in Fire Magic
  5662 | D:5      | Learned a level 3 spell: Conjure Flame
  5965 | D:5      | Slain by an ogre

Illustrated notes

Levels and vault maps discovered:
D:1:      dpeg_arrival_stone_temple_mockup, layout_basic
D:2:      layout_loops_ring, hellmonk_ecumenical_altar_watching_god,
          serial_bayou_lagoon_a, corexii_item_surrounded_by_moat, uniq_robin,
          uniq_natasha
D:3:      layout_rooms, beargit_hepliaklqana_dungeon_heroes, serial_shops, shop,
          uniq_ijyb
D:4:      layout_basic, minmay_temple_entry_butterflies, st_stairs_2
D:5:      layout_rooms, serial_park_tiny_2, lemuel_another_geyser,
          uniq_crazy_yiuf_cottage
Temple:   nicolae_temple_figure_eight

Skill      XL: |  1  2  3  4  5  6  7 |
---------------+----------------------+-----
Translocations | 1 2 3 4 |  4.0
Spellcasting   | 3 4 |  4.0
Necromancy     | 1 2 |  2.0
Evocations     | 1 2 |  2.1
Fighting       | 2 3 |  3.9
Staves         | 2 3 |  3.8
Fire Magic     | 2 |  2.5
Dodging        | |  1.7
Stealth        | |  1.7
Conjurations   | |  4.0

Action                   |  1- 3 |  4- 6 |  7- 9 || total
-------------------------+-------+-------+-------++-------
Melee: Unarmed           |    22 |       |       ||    22
       Dagger            |    17 |    37 |       ||    54
       Tailslap          |     2 |     6 |     4 ||    12
       Staff             |       |    20 |       ||    20
       Quarterstaff      |       |    18 |    26 ||    44
 Cast: Magic Dart        |    18 |    18 |    13 ||    49
       Searing Ray       |     4 |    37 |    11 ||    52
       Iskenderun's Myst |       |     3 |     2 ||     5
 Abil: Breathe Steam     |       |       |     1 ||     1
  Use: Scroll            |       |     6 |     2 ||     8
       Potion            |       |     2 |       ||     2
 Stab: Sleeping          |     1 |       |       ||     1
Armor: Skin              |    21 |    36 |    11 ||    68
Dodge: Dodged            |    26 |    82 |    42 ||   150
